TOP OF THE 1ST |
Saint John's Red Storm batting - Pitching for Arkansas Razorbacks : LHP Joe Williams
|
Pitching: LHP Joe Williams
|
|
Batting: SHB Roderick Thurman
|
0-0: Ball 1-0: Called Strike 1-1: Ball 2-1: Reached via error on a dropped throw, E3
|
Batting: RHB Jeffery Evans
|
0-0: Called Strike 0-1: Called Strike 0-2: Ball 1-2: Ball 2-2: Foul Ball, location: 2F 2-2: Foul Ball, location: 2F 2-2: Strikes out swinging
|
Batting: RHB Miguel Hern嫕dez
|
0-0: Ball 1-0: Ball 2-0: Called Strike 2-1: Foul Ball, location: 2F 2-2: Ball Roderick Thurman is caught stealing 2nd base 3-2: Reached on error, E3 (Groundball, 34)
|
Batting: SHB Frank Kennedy
|
0-0: Ball 1-0: Ball 2-0: Foul Ball, location: 2F 2-1: Single, Error in OF, E7, batter to second base Miguel Hern嫕dez to third
|
Batting: LHB Robby Lawson
|
0-0: Foul Ball, location: 2F 0-1: Ball 1-1: Foul Ball, location: 2F 1-2: Ground out 5-3 (Groundball, 56S)
|
Top of the 1st over - 0 run(s), 1 hit(s), 3 error(s), 2 left on base; Saint John's 0 - Arkansas 0 |
BOTTOM OF THE 1ST |
Arkansas Razorbacks batting - Pitching for Saint John's Red Storm : RHP 聲gel Gil
|
Pitching: RHP 聲gel Gil
|
|
Batting: RHB John Gauthier
|
0-0: Called Strike 0-1: Called Strike 0-2: Fly out, F8 (Flyball, 8RD)
|
Batting: RHB Wayne Workman
|
0-0: Called Strike 0-1: Ball 1-1: Ball 2-1: Swinging Strike 2-2: Fly out, F9 (Flyball, 89M)
|
Batting: LHB Jerry Casillas
|
0-0: Swinging Strike 0-1: Called Strike 0-2: Ball 1-2: Strikes out looking
|
Bottom of the 1st over - 0 run(s), 0 hit(s), 0 error(s), 0 left on base; Saint John's 0 - Arkansas 0 |
TOP OF THE 2ND |
Saint John's Red Storm batting - Pitching for Arkansas Razorbacks : LHP Joe Williams
|
Batting: RHB Sherman Cummings
|
0-0: Ball 1-0: Foul Ball, location: 2F 1-1: Foul Ball, location: 2F 1-2: Fly out, F8 (Flyball, 8LM)
|
Batting: RHB Marv Simon
|
0-0: Ball 1-0: Called Strike 1-1: SINGLE (Groundball, 34D)
|
Batting: SHB Ray O'Dell
|
0-0: Ball Marv Simon steals 2nd base 1-0: SINGLE (Line Drive, 7S) Marv Simon to third
|
Batting: RHB Fred Wagner
|
0-0: Ball 1-0: Swinging Strike 1-1: Ball 2-1: Ball 3-1: Called Strike 3-2: 3-RUN HOME RUN (Flyball, 7D), Distance : 350 ft
|
Batting: SHB Roderick Thurman
|
0-0: Ball 1-0: Swinging Strike 1-1: Swinging Strike 1-2: Foul Ball, location: 2F 1-2: Strikes out swinging
|
Batting: RHB Jeffery Evans
|
0-0: Ball 1-0: Foul Ball, location: 2F 1-1: DOUBLE (Line Drive, 89D)
|
Batting: RHB Miguel Hern嫕dez
|
0-0: Ball 1-0: Called Strike 1-1: Called Strike 1-2: Strikes out swinging
|
Top of the 2nd over - 3 run(s), 4 hit(s), 0 error(s), 1 left on base; Saint John's 3 - Arkansas 0 |
BOTTOM OF THE 2ND |
Arkansas Razorbacks batting - Pitching for Saint John's Red Storm : RHP 聲gel Gil
|
Batting: RHB Jon Anderson
|
0-0: Called Strike 0-1: Ball 1-1: Ball 2-1: Foul Ball, location: 2F 2-2: SINGLE (Flyball, 89S)
|
Batting: LHB Robert Mann
|
0-0: Ball 1-0: Ball 2-0: Ball 3-0: Called Strike 3-1: Foul Ball, location: 2F 3-2: Grounds into double play, 6-4-3 (Groundball, 6M)
|
Batting: RHB Corey Nichols
|
0-0: Ball 1-0: Called Strike 1-1: Swinging Strike 1-2: Foul Ball, location: 2F 1-2: Strikes out swinging
|
Bottom of the 2nd over - 0 run(s), 1 hit(s), 0 error(s), 0 left on base; Saint John's 3 - Arkansas 0 |
TOP OF THE 3RD |
Saint John's Red Storm batting - Pitching for Arkansas Razorbacks : LHP Joe Williams
|
Batting: SHB Frank Kennedy
|
0-0: Ball 1-0: Ball 2-0: Called Strike 2-1: SINGLE (Line Drive, 7S)
|
Batting: LHB Robby Lawson
|
0-0: Called Strike 0-1: Swinging Strike 0-2: Strikes out looking
|
Batting: RHB Sherman Cummings
|
0-0: Grounds into double play, 6-4-3 (Groundball, 6)
|
Top of the 3rd over - 0 run(s), 1 hit(s), 0 error(s), 0 left on base; Saint John's 3 - Arkansas 0 |
BOTTOM OF THE 3RD |
Arkansas Razorbacks batting - Pitching for Saint John's Red Storm : RHP 聲gel Gil
|
Batting: RHB Victor Beach
|
0-0: DOUBLE (Flyball, 89M) - OUT at third base trying to stretch hit.
|
Batting: LHB Edgardo Aguilar
|
0-0: Called Strike 0-1: Ball 1-1: Called Strike 1-2: DOUBLE (Groundball, 3L)
|
Batting: LHB Phil Bishop
|
0-0: Swinging Strike 0-1: Ground out 4-3 (Groundball, 4) Edgardo Aguilar to third
|
Batting: RHB John Gauthier
|
0-0: Ball 1-0: Foul Ball, location: 2F 1-1: Ball 2-1: Foul Ball, location: 2F 2-2: Ball 3-2: Foul Ball, location: 2F 3-2: Foul Ball, location: 2F 3-2: Strikes out looking
|
Bottom of the 3rd over - 0 run(s), 2 hit(s), 0 error(s), 1 left on base; Saint John's 3 - Arkansas 0 |
TOP OF THE 4TH |
Saint John's Red Storm batting - Pitching for Arkansas Razorbacks : LHP Joe Williams
|
Batting: RHB Marv Simon
|
0-0: Ball 1-0: SINGLE (Flyball, 89S)
|
Batting: SHB Ray O'Dell
|
0-0: Ball 1-0: Fielders Choice at 2nd, 6-4 (Groundball, 6)
|
Batting: RHB Fred Wagner
|
0-0: Ball 1-0: Swinging Strike 1-1: Ball 2-1: Called Strike 2-2: Foul Ball, location: 2F 2-2: Ball 3-2: Foul Ball, location: 2F 3-2: Fly out, F9 (Flyball, 9LSF)
|
Batting: SHB Roderick Thurman
|
0-0: Fly out, F9 (Line Drive, 89M)
|
Top of the 4th over - 0 run(s), 1 hit(s), 0 error(s), 1 left on base; Saint John's 3 - Arkansas 0 |
BOTTOM OF THE 4TH |
Arkansas Razorbacks batting - Pitching for Saint John's Red Storm : RHP 聲gel Gil
|
Batting: RHB Wayne Workman
|
0-0: Ball 1-0: Ball 2-0: Fly out, F1 (Line Drive, 13S)
|
Batting: LHB Jerry Casillas
|
0-0: Ball 1-0: Called Strike 1-1: Ball 2-1: Ball 3-1: Base on Balls
|
Batting: RHB Jon Anderson
|
0-0: Called Strike 0-1: Called Strike 0-2: Foul Ball, location: 2F 0-2: Ball 1-2: Foul Ball, location: 2F 1-2: Grounds into double play, 6-4-3 (Groundball, 6)
|
Bottom of the 4th over - 0 run(s), 0 hit(s), 0 error(s), 0 left on base; Saint John's 3 - Arkansas 0 |
TOP OF THE 5TH |
Saint John's Red Storm batting - Pitching for Arkansas Razorbacks : LHP Joe Williams
|
Batting: RHB Jeffery Evans
|
0-0: Ball 1-0: Foul Ball, location: 2F 1-1: Foul Ball, location: 2F 1-2: Foul Ball, location: 2F 1-2: Foul Ball, location: 2F 1-2: SINGLE (Line Drive, 8LS)
|
Batting: RHB Miguel Hern嫕dez
|
0-0: Ball 1-0: Foul Ball, location: 2F 1-1: Ball 2-1: Ball 3-1: Swinging Strike 3-2: Base on Balls Jeffery Evans to second
|
Pitching: RHP John Mullally
|
|
Batting: SHB Frank Kennedy
|
0-0: Called Strike Throwing error on steal attempt, E2 Jeffery Evans scores Miguel Hern嫕dez to third 0-1: Ball 1-1: Ball 2-1: Foul Ball, location: 2F 2-2: Foul Ball, location: 2F 2-2: Strikes out swinging
|
Batting: LHB Robby Lawson
|
0-0: Ball 1-0: Ball 2-0: Swinging Strike 2-1: Foul Ball, location: 2F 2-2: SINGLE (Groundball, 34S) (infield hit) Miguel Hern嫕dez scores
|
Batting: RHB Sherman Cummings
|
0-0: Called Strike 0-1: Ball 1-1: Ball 2-1: Grounds into double play, 6-4-3 (Groundball, 6)
|
Top of the 5th over - 2 run(s), 2 hit(s), 1 error(s), 0 left on base; Saint John's 5 - Arkansas 0 |
BOTTOM OF THE 5TH |
Arkansas Razorbacks batting - Pitching for Saint John's Red Storm : RHP 聲gel Gil
|
Batting: LHB Robert Mann
|
0-0: Called Strike 0-1: Ball 1-1: Ball 2-1: Swinging Strike 2-2: Strikes out swinging
|
Batting: RHB Corey Nichols
|
0-0: Called Strike 0-1: Ball 1-1: Ball 2-1: Swinging Strike 2-2: SINGLE (Groundball, 56D)
|
Batting: RHB Victor Beach
|
0-0: Ball 1-0: Called Strike Corey Nichols steals 2nd base 1-1: DOUBLE (Line Drive, 7) Corey Nichols scores
|
Batting: LHB Edgardo Aguilar
|
0-0: Ball 1-0: Ball 2-0: Called Strike 2-1: Foul Ball, location: 2F 2-2: Foul Ball, location: 2F 2-2: Strikes out swinging
|
Batting: LHB Phil Bishop
|
0-0: Ball 1-0: Foul Ball, location: 2F 1-1: Ground out 6-3 (Groundball, 6)
|
Bottom of the 5th over - 1 run(s), 2 hit(s), 0 error(s), 1 left on base; Saint John's 5 - Arkansas 1 |
TOP OF THE 6TH |
Saint John's Red Storm batting - Pitching for Arkansas Razorbacks : RHP John Mullally
|
Batting: RHB Marv Simon
|
0-0: Fly out, F8 (Flyball, 8RS)
|
Batting: SHB Ray O'Dell
|
0-0: Swinging Strike 0-1: Foul Ball, location: 2F 0-2: Foul Ball, location: 2F 0-2: Ball 1-2: Ground out U3 (Groundball, 3)
|
Batting: RHB Fred Wagner
|
0-0: Swinging Strike 0-1: DOUBLE (Flyball, 8LXD)
|
Batting: SHB Roderick Thurman
|
0-0: Called Strike 0-1: Foul Ball, location: 2F 0-2: Strikes out looking
|
Top of the 6th over - 0 run(s), 1 hit(s), 0 error(s), 1 left on base; Saint John's 5 - Arkansas 1 |
BOTTOM OF THE 6TH |
Arkansas Razorbacks batting - Pitching for Saint John's Red Storm : RHP 聲gel Gil
|
Batting: RHB John Gauthier
|
0-0: Called Strike 0-1: SINGLE (Flyball, 9LS)
|
Pitching: RHP John Lee
|
|
Batting: RHB Wayne Workman
|
0-0: Ball 1-0: Foul Ball, location: 2F 1-1: Fielders Choice at 2nd, 6-4 (Groundball, 6)
|
Batting: LHB Jerry Casillas
|
0-0: Called Strike 0-1: Foul Ball, location: 2F 0-2: Ball 1-2: Ball 2-2: Strikes out looking
|
Batting: RHB Jon Anderson
|
0-0: Ball 1-0: Called Strike 1-1: Ball 2-1: Called Strike 2-2: Fly out, F8 (Flyball, 8RS)
|
Bottom of the 6th over - 0 run(s), 1 hit(s), 0 error(s), 1 left on base; Saint John's 5 - Arkansas 1 |
TOP OF THE 7TH |
Saint John's Red Storm batting - Pitching for Arkansas Razorbacks : RHP John Mullally
|
Batting: RHB Jeffery Evans
|
0-0: Called Strike 0-1: Called Strike 0-2: Strikes out swinging
|
Batting: RHB Miguel Hern嫕dez
|
0-0: Ball 1-0: Foul Ball, location: 2F 1-1: Foul Ball, location: 2F 1-2: Ground out 6-3 (Groundball, 6)
|
Batting: SHB Frank Kennedy
|
0-0: Foul Ball, location: 2F 0-1: Ball 1-1: Ball 2-1: Ball 3-1: Swinging Strike 3-2: Reached via error on a dropped throw, E3
|
Batting: LHB Robby Lawson
|
0-0: Called Strike 0-1: Ball 1-1: Foul Ball, location: 2F 1-2: Ball 2-2: Ball 3-2: Strikes out swinging
|
Top of the 7th over - 0 run(s), 0 hit(s), 1 error(s), 1 left on base; Saint John's 5 - Arkansas 1 |
BOTTOM OF THE 7TH |
Arkansas Razorbacks batting - Pitching for Saint John's Red Storm : RHP John Lee
|
Batting: LHB Robert Mann
|
0-0: Foul Ball, location: 2F 0-1: Ball 1-1: SINGLE (Line Drive, 34)
|
Batting: RHB Corey Nichols
|
0-0: Ball 1-0: Fly out, F8 (Flyball, 8LM)
|
Batting: RHB Victor Beach
|
0-0: Called Strike 0-1: Called Strike 0-2: Fly out, F6 (Line Drive, 6)
|
Batting: LHB Edgardo Aguilar
|
0-0: Fielders Choice at 2nd, 4-6 (Groundball, 4)
|
Bottom of the 7th over - 0 run(s), 1 hit(s), 0 error(s), 0 left on base; Saint John's 5 - Arkansas 1 |
TOP OF THE 8TH |
Saint John's Red Storm batting - Pitching for Arkansas Razorbacks : RHP John Mullally
|
Batting: RHB Sherman Cummings
|
0-0: Ball 1-0: Fly out, F7 (Line Drive, 7)
|
Batting: RHB Marv Simon
|
0-0: Ball 1-0: Foul Ball, location: 2F 1-1: Ball 2-1: Ball 3-1: Base on Balls
|
Pitching: LHP Henry Pacheco
|
|
Batting: SHB Ray O'Dell
|
0-0: Called Strike 0-1: Called Strike 0-2: Ball 1-2: Ball 2-2: Strikes out swinging
|
Batting: RHB Fred Wagner
|
0-0: Ball 1-0: Swinging Strike 1-1: Ball 2-1: Foul Ball, location: 2F 2-2: Foul Ball, location: 2F 2-2: Foul Ball, location: 2F 2-2: Foul Ball, location: 2F 2-2: Ball 3-2: Strikes out looking
|
Top of the 8th over - 0 run(s), 0 hit(s), 0 error(s), 1 left on base; Saint John's 5 - Arkansas 1 |
BOTTOM OF THE 8TH |
Arkansas Razorbacks batting - Pitching for Saint John's Red Storm : RHP John Lee
|
Batting: LHB Phil Bishop
|
0-0: Foul Ball, location: 2F 0-1: Ball 1-1: Swinging Strike 1-2: Foul Ball, location: 2F 1-2: Ball 2-2: Ground out 3-1 (Groundball, 34)
|
Batting: RHB John Gauthier
|
0-0: Foul Ball, location: 2F 0-1: Foul Ball, location: 2F 0-2: Ball 1-2: Ground out 5-3 (Groundball, 5S)
|
Batting: RHB Wayne Workman
|
0-0: Called Strike 0-1: Called Strike 0-2: Ball 1-2: SINGLE (Groundball, 4MD)
|
Batting: LHB Jerry Casillas
|
0-0: Ball 1-0: Ball 2-0: Foul Ball, location: 2F 2-1: Ball 3-1: Base on Balls Wayne Workman to second
|
Batting: RHB Jon Anderson
|
0-0: Ball 1-0: Ball 2-0: Ball 3-0: Base on Balls Wayne Workman to third Jerry Casillas to second
|
Pitching: LHP Bill Mace
|
|
Batting: LHB Robert Mann
|
0-0: Called Strike 0-1: Ball 1-1: Foul Ball, location: 2F 1-2: Fly out, F8 (Flyball, 8LM)
|
Bottom of the 8th over - 0 run(s), 1 hit(s), 0 error(s), 3 left on base; Saint John's 5 - Arkansas 1 |
TOP OF THE 9TH |
Saint John's Red Storm batting - Pitching for Arkansas Razorbacks : LHP Henry Pacheco
|
Pitching: RHP Roberto Gonz嫮es
|
|
Batting: SHB Roderick Thurman
|
0-0: Ball 1-0: Ball 2-0: Called Strike 2-1: Fly out, F3 (Popup, 34)
|
Batting: RHB Jeffery Evans
|
0-0: Ball 1-0: Ball 2-0: Ball 3-0: Base on Balls
|
Batting: RHB Miguel Hern嫕dez
|
0-0: Called Strike 0-1: Ball 1-1: Foul Ball, location: 2F 1-2: Ball 2-2: Ball Pickoff Throw by Catcher to First - Out! 3-2: Base on Balls
|
Batting: SHB Frank Kennedy
|
0-0: Called Strike 0-1: Called Strike 0-2: Ball 1-2: Fly out, F9 (Flyball, 9LS)
|
Top of the 9th over - 0 run(s), 0 hit(s), 0 error(s), 1 left on base; Saint John's 5 - Arkansas 1 |
BOTTOM OF THE 9TH |
Arkansas Razorbacks batting - Pitching for Saint John's Red Storm : LHP Bill Mace
|
Batting: RHB Corey Nichols
|
0-0: Foul Ball, location: 2F 0-1: Called Strike 0-2: Ball 1-2: Ball 2-2: Ball 3-2: Base on Balls
|
Batting: RHB Victor Beach
|
0-0: Called Strike 0-1: Foul Ball, location: 2F 0-2: Strikes out swinging
|
Batting: LHB Edgardo Aguilar
|
0-0: Called Strike 0-1: Ball 1-1: Ground out 5-3 (Groundball, 56S) Corey Nichols to second
|
Batting: LHB Phil Bishop
|
0-0: Ball 1-0: Ball 2-0: Foul Ball, location: 2F 2-1: Ground out U3 (Groundball, 34)
|
Bottom of the 9th over - 0 run(s), 0 hit(s), 0 error(s), 1 left on base; Saint John's 5 - Arkansas 1 |
|